 Dungeon Crawl Stone Soup version 0.31-a0-1066-g35875b34c7 (webtiles) character file.

Game seed: 4288498201833067626

2217 Colgate the Mimic (level 8, 0/56 HPs)
             Began as a Demigod Hunter on Nov 22, 2023.
             Slain by an orc warrior
             ... wielding a +0 scimitar
              (9 damage)
             ... on level 6 of the Dungeon.
             The game lasted 00:27:13 (12239 turns).

Colgate the Mimic (Demigod Hunter)                 Turns: 12239, Time: 00:27:14

Health: 0/56       AC:  6    Str: 23    XL:     8   Next: 90%
Magic:  10/10      EV:  9    Int: 11    God:
Gold:   297        SH:  0    Dex: 21    Spells: 7/7 levels left

rFire   . .          .
                       - Blade Hands
rCold   . . .        (shield currently unavailable)
rNeg    + . .        y - +3 chain mail of Pathos {Str+7}
rPois   .            C - +2 helmet
rElec   .            (no cloak)
rCorr   .            f - melded +0 pair of gloves
SInv    .            (no boots)
Will    .....        (no amulet) Stlth
                     A - ring of positive energy
HPRegen 0.29/turn    (no ring)
MPRegen 0.12/turn

%: no passive effects
@: blade hands, attractive
A: reduced hp, high MP 1, forlorn, divine attributes
a: Begin Untransformation


You were on level 6 of the Dungeon.
You had blades for hands.
You visited 2 branches of the dungeon, and saw 7 of its levels.
You also visited: Ossuary.

You collected 297 gold pieces.

Inventory:

Hand Weapons
 a - a +0 shortbow
 v - the +6 short sword "Xaudghaap" {freeze, +Blink rF- rC+++ Str+4}
   (You found it on level 3 of the Dungeon)

   Str+4:     It affects your strength (+4).
   rF-:       It makes you vulnerable to fire.
   rC+++:     It renders you almost immune to cold.
   +Blink:    It lets you blink.
Missiles
 h - 2 throwing nets {!f}
Armour
 c - a +0 leather armour
 f - a +0 pair of gloves (melded)
 y - the +3 chain mail of Pathos (worn) {Str+7}
   (You found it on level 4 of the Dungeon)

   Str+7:     It affects your strength (+7).
 C - a +2 helmet (worn)
Jewellery
 A - a ring of positive energy (left blade hand)
Talismans
 x - a blade talisman (active)
Wands
 k - a wand of charming (8)
Scrolls
 b - a scroll of butterflies
 g - 3 scrolls of fog
 j - a scroll of enchant armour {unknown}
 l - a scroll of vulnerability
 m - 3 scrolls of fear
 n - 2 scrolls of silence
 o - 3 scrolls of teleportation {unknown}
 p - a scroll of poison {unknown}
 q - 3 scrolls of immolation {unknown}
 s - a scroll of enchant weapon {unknown}
 t - a scroll of revelation {unknown}
Potions
 d - 8 potions of curing {@q1}
 e - 2 potions of mutation
 i - 2 potions of invisibility {unknown}
 r - a potion of degeneration {unknown}
 w - 2 potions of attraction
 z - 2 potions of ambrosia {unknown}
 B - a potion of haste {unknown}


   Skills:
 - Level 1.7 Fighting
 - Level 5.6 Ranged Weapons
 - Level 1.7 Dodging
 - Level 0.8 Stealth
 + Level 9.4 Shapeshifting


You had 7 spell levels left.
You didn't know any spells.
Your spell library contained the following spells:

 Spells                   Type           Power      Damage    Failure   Level
 Foxfire                  Conj/Fire      0%         2x1d4     94%         1
 Teleport Other           Tloc           0%         N/A       100%        3
 Borgnjor's Vile Clutch   Necr/Erth      0%         N/A       100%        5
 Death Channel            Necr           0%         N/A       100%        6
 Plasma Beam              Fire/Air       0%         2x1d10    100%        6
 Starburst                Conj/Fire      0%         6d3       100%        6


Dungeon Overview and Level Annotations

Branches:
Dungeon (6/15)             Temple (1/1) D:5         Ossuary (visited)


Innate Abilities, Weirdness & Mutations

You have blades for hands.
Your maximum health is decreased, since you lack skill for your form.
You are incapable of wielding weapons or throwing items.
You have an increased reservoir of magic. (+10% MP)
You shall have no god before yourself.
Your divine heritage dramatically boosts your attributes as you level up.


Message History

You start resting.
HP restored.
You climb downwards.
There is a stone staircase leading up here.
You hit the orc warrior but do no damage.
The orc warrior hits you with a +0 scimitar.
You hit the orc warrior but do no damage.
The orc warrior barely misses you.
You hit the orc warrior but do no damage.
You slash the orc warrior, but do no damage.
The orc warrior hits you with a +0 scimitar.
You closely miss the orc warrior.
The orc warrior hits you with a +0 scimitar.
You closely miss the orc warrior.
The orc warrior hits you with a +0 scimitar!
You hit the orc warrior but do no damage.
The orc warrior barely misses you.
You barely miss the orc warrior.
The orc warrior hits you with a +0 scimitar.
You closely miss the orc warrior.
The orc warrior hits you with a +0 scimitar!
* * * LOW HITPOINT WARNING * * *
You closely miss the orc warrior.
The orc warrior hits you with a +0 scimitar!
* * * LOW HITPOINT WARNING * * *
You feel much better.
The orc warrior hits you with a +0 scimitar!
* * * LOW HITPOINT WARNING * * *
You feel much better. The orc warrior completely misses you.
You hit the orc warrior.
The orc warrior hits you with a +0 scimitar!
You closely miss the orc warrior.
The orc warrior hits you with a +0 scimitar!
You hit the orc warrior.
The orc warrior hits you with a +0 scimitar!
* * * LOW HITPOINT WARNING * * *
It was a potion of attraction.
You feel attractive to monsters.
The orc warrior hits you with a +0 scimitar!
You die...

......# #.. ...#####.#
##....## #.# #.#......#
###...####.# #.#......#
##....##.#####.#.[....#
###................(.#
###................#
##.........[.....#
#......o........#
##.....@........#
###.....<........#
######................#
#......##....<..#######
####.#######.[.....#
.....# ###..##.# ..o###
##.##.# ##..### #รท##.#
##...# ####..[.#


You could see an orc warrior.

Vanquished Creatures
  Menkaure (D:5)
  Duvessa (D:4)
  4 ogres
  A phantom (D:5)
  3 elf zombies (Ossuary)
  3 bullfrogs
  4 scorpions
  Dowan (D:4)
  A centaur zombie (Ossuary)
  4 crimson imps
  4 hounds
  2 human zombies (Ossuary)
  2 orc priests
  A jelly (D:4)
  5 iguanas
  3 orc wizards
  A sleepcap (D:6)
  2 mummies (Ossuary)
  Robin (D:2)
  5 adders
  A white imp (D:6)
  An adder zombie (Ossuary)
  2 worms
  2 dart slugs
  19 orcs
  8 ball pythons
  8 endoplasms
  A giant cockroach (D:1)
  11 goblins
  6 hobgoblins
  12 jackals
  8 kobolds
  8 quokkas
  7 bats
  4 frilled lizards
  7 hobgoblin zombies (Ossuary)
  2 jackal zombies (Ossuary)
  9 kobold zombies (Ossuary)
  11 orc zombies (Ossuary)
  5 rats
  A rat zombie (Ossuary)
182 creatures vanquished.

Notes
Turn   | Place    | Note
-------+----------+-------------------------------------------
     0 | D:1      | Colgate the Demigod Hunter began the quest for the Orb.
     0 | D:1      | Reached XP level 1. HP: 17/17 MP: 3/3
   444 | D:1      | Reached XP level 2. HP: 24/24 MP: 4/4
  1536 | D:2      | Reached XP level 3. HP: 29/29 MP: 5/5
  1968 | D:2      | Reached skill level 5 in Ranged Weapons
  2148 | D:2      | Got the Compendium of the Relocated Morgue
  2457 | D:3      | Noticed Robin
  2512 | D:2      | Killed Robin
  2513 | D:2      | Reached XP level 4. HP: 23/36 MP: 6/6
  3865 | D:3      | Identified the +6 short sword "Xaudghaap" {freeze, +Blink
                  | rF- rC+++ Str+4}
  3923 | D:4      | Reached skill level 1 in Shapeshifting
  3949 | D:4      | You fall into a shaft and drop 1 floor!
  3949 | D:5      | Entered Level 5 of the Dungeon
  3967 | D:5      | Reached skill level 2 in Shapeshifting
  3967 | D:5      | Reached XP level 5. HP: 41/41 MP: 7/7
  4005 | D:5      | Noticed an ogre
  4027 | D:5      | Found a staircase to the Ecumenical Temple.
  4097 | D:5      | Noticed Menkaure
  4104 | D:5      | Killed Menkaure
  4105 | D:5      | Reached skill level 3 in Shapeshifting
  4105 | D:5      | Reached XP level 6. HP: 37/48 MP: 8/8
  4212 | D:5      | Reached skill level 4 in Shapeshifting
  4325 | D:5      | Found a sand-covered staircase.
  4330 | Ossuary  | Entered an ossuary
  4914 | Ossuary  | Reached skill level 5 in Shapeshifting
  4914 | Ossuary  | Reached XP level 7. HP: 35/53 MP: 9/9
  5495 | D:4      | Reached skill level 6 in Shapeshifting
  5776 | D:4      | Identified the +3 chain mail of Pathos {Str+7}
  6253 | D:4      | Noticed Duvessa
  6255 | D:4      | Noticed Dowan
  6959 | D:4      | Killed Dowan
  7027 | D:4      | Killed Duvessa
  7028 | D:4      | Reached skill level 7 in Shapeshifting
  7028 | D:4      | Reached XP level 8. HP: 60/60 MP: 10/10
  8915 | D:5      | Reached skill level 8 in Shapeshifting
 10636 | D:5      | Found a staircase to the Ecumenical Temple.
 11309 | Temple   | Entered the Ecumenical Temple
 11656 | D:6      | Reached skill level 9 in Shapeshifting
 12233 | D:6      | HP: 1/56 [orc warrior/+0 scimitar (10)]
 12239 | D:6      | Slain by an orc warrior

Illustrated notes

Levels and vault maps discovered:
D:1:      lemuel_arrival_room, layout_loops_corners,
          shapermc_ecumenical_altar_ellora, nrook_loot_triangle
D:2:      layout_loops_ring, basic_altar
D:3:      layout_rooms, mainiacjoe_overflow_alcove_1, guppyfry_early_orc_mine,
          uniq_robin
D:4:      layout_gridville, uniq_duvessa
D:5:      layout_layer_cave, led_xom_imps, nicolae_gozag_seed_capital,
          amethyst_overflow_temple_binary, temple_doors_ab, enter_ossuary_2,
          minivault_4, uniq_menkaure
D:6:      layout_rooms
Temple:   hellmonk_temple_of_storms

Skill      XL: |  1  2  3  4  5  6  7  8 |
---------------+-------------------------+-----
Ranged Weapons | 4 5 |  5.6
Shapeshifting  | 2 3 5 7 9 |  9.4
Fighting       | |  1.7
Dodging        | |  1.7
Stealth        | |  0.8

Action                     |  1- 3 |  4- 6 |  7- 9 || total
---------------------------+-------+-------+-------++-------
  Melee: Short sword       |       |       |     6 ||     6
         Unarmed           |       |       |   154 ||   154
         Punch             |       |       |     4 ||     4
   Fire: Shortbow          |   143 |   277 |   139 ||   559
    Use: Scroll            |     3 |     4 |       ||     7
         Potion            |       |       |     6 ||     6
 Armour: Leather armour    |    33 |    71 |    81 ||   185
         Chain mail        |       |       |   133 ||   133
  Dodge: Dodged            |    28 |    73 |   140 ||   241
   Form: Blade             |       |       |     2 ||     2
                           |       |       |     1 ||     1

Table legend: (Time is in decaauts)
 A = Elapsed time spent in this place.
 B = Non-inter-level travel time spent in this place.
 C = Inter-level travel time spent in this place.
 D = Time resting spent in this place.
 E = Time spent auto-exploring this place.
 F = Levels seen in this place.
 G = Mean time per level.
                   A        B        C        D        E       F      G
               +--------+--------+--------+--------+--------+-----+--------+
         Total |  12360 |  11774 |    586 |   3311 |   6307 |   8 | 1545.0 |
       Dungeon |  11258 |  10672 |    586 |   3211 |   5899 |   6 | 1876.3 |
        Temple |      1 |      1 |      0 |      0 |      0 |   1 |    1.0 |
       Ossuary |   1100 |   1100 |      0 |    100 |    408 |   1 | 1100.0 |
               +--------+--------+--------+--------+--------+-----+--------+

Top non-repeatable levels by time:
     D:5: 4050 daAuts
     D:4: 2676 daAuts
     D:1: 1547 daAuts
     D:3: 1396 daAuts
     D:2: 1143 daAuts
 Ossuary: 1100 daAuts
     D:6: 443 daAuts
  Temple: 1 daAuts
